 Dungeon Crawl Stone Soup version 0.22.1-1-ga44c0e56f4 (webtiles) character file.

224 Morrissey the Slasher (level 5, -2/47 HPs)
             Began as a Minotaur Monk on Oct 27, 2018.
             Killed from afar by an orc wizard (5 damage)
             ... with a puff of flame
             ... on level 4 of the Dungeon.
             The game lasted 00:06:41 (2733 turns).

Morrissey the Slasher (Minotaur Monk)               Turns: 2733, Time: 00:06:41

Health: -2/47      AC:  2    Str: 16    XL:     5   Next: 67%
Magic:  4/4        EV: 14    Int:  7    God:
Gold:   130        SH:  0    Dex: 13    Spells: 4/4 levels left

rFire    . . .     SeeInvis .   a - +0 long sword
rCold    . . .     Gourm    .   (no shield)
rNeg     . . .     Faith    .   b - +0 robe
rPois    .         Spirit   .   (helmet restricted)
rElec    .         Reflect  .   (no cloak)
rCorr    .         Harm     .   (no gloves)
MR       .....                  (no boots)
Stlth    ++........             m - amulet of the acrobat
HPRegen  0.15/turn              (no ring)
MPRegen  0.09/turn              (no ring)

@: no status effects
A: retaliatory headbutt, horns 2
a: no special abilities


You were on level 4 of the Dungeon.
You were not hungry.

You visited 1 branch of the dungeon, and saw 4 of its levels.

You collected 130 gold pieces.

Inventory:

Hand Weapons
 a - a +0 long sword (weapon)
 s - a +0 falchion
Armour
 b - a +0 robe (worn)
 i - a +0 buckler
Jewellery
 m - an amulet of the acrobat (around neck)
Scrolls
 d - 5 scrolls of teleportation {unknown}
 f - a scroll of noise {unknown}
 g - 2 scrolls of remove curse {unknown}
 k - a scroll of magic mapping {unknown}
 p - 2 scrolls of identify {unknown}
 q - 4 scrolls of amnesia {unknown}
 r - a scroll of enchant weapon {unknown}
 u - a scroll of random uselessness {unknown}
Potions
 e - a potion of cancellation {unknown}
 h - 3 potions of might {unknown}
 j - a potion of resistance {unknown}
 l - a potion of flight {unknown}
 n - a potion of invisibility {unknown}
 o - a potion of magic {unknown}
 v - a potion of curing
Comestibles
 c - 4 rations
 t - 3 chunks of flesh


   Skills:
 + Level 4.7 Fighting
 * Level 5.7 Long Blades
 + Level 2.7 Armour
 + Level 4.2 Dodging
 - Level 1.5 Stealth


You had 4 spell levels left.
You didn't know any spells.
Your spell library was empty.

Dungeon Overview and Level Annotations

Branches:
Dungeon (4/15)
 Temple: D:4-7

Altars:
Cheibriados
Gozag
Ru
Sif Muna

Shops:
D:4 (

Annotations:
D:3 3 runed doors, viktor89's ghost, amateur DgSk


Innate Abilities, Weirdness & Mutations

You reflexively headbutt those who attack you in melee.
You have a pair of horns on your head.


Message History

You miss something.
You hear some strange, mumbled words.
A puff of flame appears from out of thin air!
The puff of flame hits you!
* * * LOW HITPOINT WARNING * * *
You closely miss something. Something hits you.
* * * LOW HITPOINT WARNING * * *
Something barely misses you.
You closely miss something. Something hits you but does no damage.
You miss something. Something hits you.
* * * LOW HITPOINT WARNING * * *
You miss something. Your headbutt misses something.
Something completely misses you.
You hit something. Something hits you.
* * * LOW HITPOINT WARNING * * *
You closely miss something. Your headbutt misses something.
You hear some strange, mumbled words.
A puff of flame appears from out of thin air!
The puff of flame hits you!
You die...

..###### #.# ..###### #.#
.......# #.# #.#.# ..####.#
#.# #.#.## ...# #.# #.#
#....# .#.#
#.####.#######..#.
.#.###.........†.##....
....##.####..###{##.#.#
.............###@##.#.#
#...##.............†#.#####.#
........###.........)........
........# ###########........
##......# #......<. ########
########.


There were no monsters in sight!

Vanquished Creatures
  An orc priest (D:4)
  An iguana (D:4)
  A worker ant (D:4)
  2 adders
  An ooze (D:3)
  2 worms (D:2)
  3 dart slugs
  7 leopard geckos
  10 orcs
  5 giant cockroaches
  8 goblins
  8 hobgoblins
  6 jackals
  10 kobolds
  2 quokkas (D:2)
  2 ball pythons
  9 bats
  7 frilled lizards
  6 rats
91 creatures vanquished.

Notes
Turn   | Place    | Note
-------+----------+-------------------------------------------
     0 | D:1      | Morrissey the Minotaur Monk began the quest for the Orb.
     0 | D:1      | Reached XP level 1. HP: 19/19 MP: 0/0
    36 | D:1      | Reached XP level 2. HP: 23/27 MP: 1/1
    67 | D:1      | Reached skill level 4 in Long Blades
   127 | D:1      | Reached skill level 1 in Armour
   337 | D:1      | Reached XP level 3. HP: 20/33 MP: 2/2
   802 | D:2      | Found an opulent altar of Gozag.
   986 | D:2      | Reached XP level 4. HP: 32/40 MP: 3/3
  1367 | D:3      | Found a runed gate.
  1368 | D:3      | Found a runed gate.
  1371 | D:3      | Found a runed gate.
  1373 | D:3      | Noticed viktor89's ghost (amateur DgSk)
  1376 | D:3      | Reached skill level 5 in Long Blades
  1550 | D:3      | Found a sacrificial altar of Ru.
  1588 | D:3      | Found a snail-covered altar of Cheibriados.
  1711 | D:3      | Found a deep blue altar of Sif Muna.
  2089 | D:4      | Found Ligog's Antique Weapon Shop.
  2120 | D:4      | Reached XP level 5. HP: 28/47 MP: 4/4
  2733 | D:4      | Killed from afar by an orc wizard

Skill      XL: |  1  2  3  4 |
---------------+-------------+-----
Long Blades    | 4 5 |  5.7
Armour         | 1 2 |  2.7
Fighting       | 4 |  4.7
Dodging        | 4 |  4.2
Stealth        | |  1.5

Action                   |  1- 3 |  4- 6 || total
-------------------------+-------+-------++-------
Melee: Falchion          |    78 |    58 ||   136
       Headbutt          |    10 |    20 ||    30
       Long sword        |       |    52 ||    52
  Use: Potion            |     1 |       ||     1
 Stab: Sleeping          |     1 |     5 ||     6
       Distracted        |       |     1 ||     1
  Eat: Chunk             |       |     6 ||     6
Armor: Robe              |    12 |    11 ||    23
Dodge: Dodged            |    50 |    49 ||    99
       Rpst.: Falchion   |    20 |     4 ||    24
       Long sword        |       |     6 ||     6
